 Dungeon Crawl Stone Soup version 0.21.1 (webtiles) character file.

1445 Mgcat the Fighter (level 8, -8/72 HPs)
             Began as a Barachi Berserker on Feb 4, 2018.
             Was an Elder of Trog.
             Mangled by a wight
             ... wielding a cursed +0 spear
              (9 damage)
             ... on level 7 of the Dungeon.
             The game lasted 00:13:15 (7756 turns).

Mgcat the Fighter (Barachi Berserker)               Turns: 7756, Time: 00:13:16

Health: -8/72      AC:  6    Str: 18    XL:     8   Next: 75%
Magic:  0/8        EV: 11    Int:  8    God:    Trog [****..]
Gold:   343        SH:  0    Dex: 14    Spells: 7/7 levels left

rFire    + . .     SeeInvis .   G - +0 morningstar
rCold    . . .     Gourm    .   (no shield)
rNeg     . . .     Faith    .   u - +2 leather armour of Grottiness {rF+ MR- rCorr}
rPois    .         Spirit   +   (no helmet)
rElec    .         Reflect  .   k - scarf {Spirit}
rCorr    +         Harm     .   (no gloves)
MR       .....                  I - +0 pair of boots
Stlth    +.........             l - amulet of guardian spirit
HPRegen  0.22/turn              o - +2 ring of slaying
MPRegen  0.11/turn              F - ring of protection from magic

@: berserk cooldown, starving, slowed, drained, very slow
A: +LOS, swims, slowness 1, strong legs 1
a: Hop, Berserk, Trog's Hand, Brothers in Arms, Burn Spellbooks, Renounce
Religion


You were on level 7 of the Dungeon.
You worshipped Trog.
Trog was greatly pleased with you.
You were starving.

You visited 1 branch of the dungeon, and saw 7 of its levels.
You also visited: Sewer.

You collected 343 gold pieces.

Inventory:

Hand Weapons
 a - a +0 mace
 A - a +1 flail of protection
 G - a +0 morningstar (weapon)
Armour
 b - a +0 animal skin
 h - a +0 leather armour of poison resistance
 k - a scarf of spirit shield (worn)
 r - a +3 leather armour
 u - the +2 leather armour of Grottiness (worn) {rF+ MR- rCorr}
   (You found it on level 6 of the Dungeon)

   It protects you from fire.
   It affects your resistance to hostile enchantments.
   It protects you from acid and corrosion.
 z - a +0 plate armour
 I - a +0 pair of boots (worn)
Jewellery
 g - an uncursed ring of flight
 l - an amulet of guardian spirit (around neck)
 o - a +2 ring of slaying (left hand)
 F - a ring of protection from magic (right hand)
Wands
 B - a wand of flame (23)
 K - a wand of iceblast (4)
Scrolls
 d - 3 scrolls of fog
 e - 3 scrolls of amnesia
 i - 8 scrolls of teleportation
 j - 4 scrolls of identify
 t - 3 scrolls of fear
 v - 2 scrolls of enchant weapon {unknown}
 w - 3 scrolls of magic mapping
 y - a scroll of enchant armour {unknown}
 C - a scroll of remove curse
Potions
 f - a potion of agility
 m - a potion of invisibility
 n - a potion of lignification
 p - 3 potions of might
 q - 4 potions of degeneration {unknown}
 s - 2 potions of flight {unknown}
 x - 3 potions of heal wounds {unknown}
 D - a potion of haste
 E - 2 potions of curing {unknown}
 H - a potion of mutation {unknown}
 J - a potion of magic {unknown}
Comestibles
 c - 8 rations


   Skills:
 + Level 9.6(8.4) Fighting
 + Level 8.8(7.6) Maces & Flails
 - Level 2.4(1.4) Armour
 - Level 2.1(1.2) Dodging


You had 7 spell levels left.
You didn't know any spells.

Dungeon Overview and Level Annotations

Branches:
Dungeon (7/15)             Temple (0/1) D:6

Altars:
Fedhas
Gozag
Okawaru
The Shining One


Innate Abilities, Weirdness & Mutations

Shadows flee at your approach. (+LOS)
You can swim through water.
You cover ground slowly.
You can hop short distances.


Message History

The iguana completely misses you. The orc hits you with a mace.
* * * LOW HITPOINT WARNING * * *
The wight closely misses you.
Unknown command.
You barely miss the orc. The iguana bites you!
* * * LOW HITPOINT WARNING * * *
The orc completely misses you. The wight misses you.
You impale the orc!!
You kill the orc!
Trog accepts your kill.
You are no longer berserk.
You are exhausted.
You feel as though you will be slow longer.
The iguana closely misses you.
The wight hits you from afar with a spear!
* * * LOW HITPOINT WARNING * * *
You barely miss the iguana. The iguana barely misses you.
The wight hits you but does no damage. The iguana misses you.
The wight hits you from afar with a spear!
You die...

##'# #... #... #... #...####
...........#......
#...........+...z.
#...........#..)l##########
#...........####@#........#
#...........#...)#........#
#...........#....#........+
#...........#....'........#+#
+...........#....#...........
#...........######...........
#........รท..........).####..
########[[[...........#
+.....#).............#


You could see an iguana and a wight.

Vanquished Creatures
  The ghost of bmj180 the Shield-Bearer, an amateur HaFi (D:4)
  A sky beast (D:5)
  An ogre (D:5)
  A centaur (D:6)
  The ghost of Masnef the Sneak, an amateur SpEn (D:3)
  2 wights (D:7)
  A centaur skeleton (D:4)
  3 hounds
  2 orc wizards (D:7)
  An orc priest (D:7)
  2 iguanas (D:5)
  8 worker ants
  A hound skeleton (D:4)
  7 gnolls
  2 howler monkey skeletons (D:6)
  7 adders
  5 river rats
  2 shadow imps (D:5)
  5 oozes
  8 worms
  2 dart slugs
  9 leopard geckos
  9 orcs
  16 bats
  7 giant cockroaches
  2 hobgoblins
  8 jackals
  9 kobolds
  3 quokkas
  8 ball pythons
  15 frilled lizards
  11 goblins
  A quokka skeleton (D:4)
  23 rats
184 creatures vanquished.

Notes
Turn   | Place    | Note
-------+----------+-------------------------------------------
     0 | D:1      | Mgcat the Barachi Berserker began the quest for the Orb.
     0 | D:1      | Reached XP level 1. HP: 18/18 MP: 1/1
   293 | D:1      | Reached XP level 2. HP: 22/25 MP: 2/2
   362 | D:1      | Reached skill level 4 in Fighting
   999 | D:1      | Reached XP level 3. HP: 31/31 MP: 3/3
  1740 | D:2      | Reached ** piety under Trog
  2028 | D:2      | Reached XP level 4. HP: 38/38 MP: 4/4
  2332 | D:2      | Found a glowing golden altar of the Shining One.
  2393 | D:3      | Reached skill level 5 in Fighting
  2527 | D:3      | Found a glowing drain.
  2531 | Sewer    | Entered a sewer
  2643 | Sewer    | Reached XP level 5. HP: 41/44 MP: 5/5
  2822 | Sewer    | Reached *** piety under Trog
  2915 | Sewer    | Reached skill level 5 in Maces & Flails
  3521 | D:3      | Noticed Masnef's ghost (amateur SpEn)
  3537 | D:3      | Killed Masnef's ghost
  3537 | D:3      | Reached skill level 6 in Fighting
  3537 | D:3      | Reached XP level 6. HP: 40/52 MP: 6/6
  4463 | D:4      | Noticed bmj180's ghost (amateur HaFi)
  4483 | D:4      | Killed bmj180's ghost
  4483 | D:4      | Reached skill level 7 in Fighting
  4483 | D:4      | Reached XP level 7. HP: 35/60 MP: 7/7
  4813 | D:4      | Found a blossoming altar of Fedhas.
  5121 | D:4      | Reached **** piety under Trog
  5216 | D:5      | Entered Level 5 of the Dungeon
  5216 | D:5      | Found a blossoming altar of Fedhas.
  5252 | D:5      | Reached skill level 8 in Fighting
  5388 | D:5      | Reached XP level 8. HP: 47/69 MP: 8/8
  6330 | D:6      | Found an opulent altar of Gozag.
  6340 | D:6      | Found a staircase to the Ecumenical Temple.
  6652 | D:6      | Got a diamond-encrusted leather armour
  6663 | D:6      | Identified the +2 leather armour of Grottiness {rF+ MR- rCorr} (You found it on level 6 of the Dungeon)
  6788 | D:6      | Found an iron altar of Okawaru.
  6861 | D:6      | Reached skill level 9 in Fighting
  7755 | D:7      | HP: 1/72 [wight/spear (5)]
  7756 | D:7      | Mangled by a wight

Skill      XL: |  1  2  3  4  5  6  7  8 |
---------------+-------------------------+-----
Fighting       | 4 5 6 7 8 9 |  9.6
Maces & Flails | 4 5 6 7 8 |  8.8
Armour         | |  2.4
Dodging        | |  2.1

Action                   |  1- 3 |  4- 6 |  7- 9 || total
-------------------------+-------+-------+-------++-------
Melee: Mace              |   132 |   262 |       ||   394
       Flail             |       |       |   177 ||   177
       Morningstar       |       |       |    41 ||    41
Invok: Berserk           |       |     2 |     5 ||     7
  Use: Scroll            |       |     7 |     4 ||    11
       Potion            |       |     1 |       ||     1
 Stab: Sleeping          |       |       |     1 ||     1
  Eat: Chunk             |     4 |    10 |     8 ||    22
       Ration            |       |       |     2 ||     2
Armor: Animal skin       |    12 |       |       ||    12
       Leather armour    |    13 |    96 |    93 ||   202
Dodge: Dodged            |   101 |   198 |   160 ||   459
